 Dungeon Crawl Stone Soup version 0.31-a0-1570-g93c622d222 (webtiles) character file.

Game seed: 15906265095589180773

403 Newt the Spear-Bearer (level 6, 0/48 HPs)
             Began as a Merfolk Gladiator on Jan 3, 2024.
             Succumbed to a gnoll sergeant's poison
             ... on level 3 of the Dungeon.
             The game lasted 00:05:04 (3106 turns).

Newt the Spear-Bearer (Merfolk Gladiator)           Turns: 3106, Time: 00:05:05

Health: 0/48       AC:  6    Str: 16    XL:     6   Next: 86%
Magic:  6/6        EV: 14    Int:  8    God:
Gold:   174        SH:  0    Dex: 15    Spells: 5/5 levels left

rFire   + . .        a - +0 trident (flame)
rCold   + . .        (no shield)
rNeg    . . .        b - +0 leather armour
rPois   +            e - +2 hat {Will+}
rElec   +            n - +0 cloak
rCorr   +            (no gloves)
SInv    .            (no boots)
Will    +....        g - amulet of magic regeneration
Stlth   +            (no ring)
HPRegen 0.28/turn    (no ring)
MPRegen 0.50/turn

%: no passive effects
@: mighty, lethally poisoned (0 -> -3), resistant, hasted, very quick
A: (nimble swimmer 2), mertail, poison resistance, inability to read after
injury 1, noise suppression
a: no special abilities


You were on level 3 of the Dungeon.
You visited 1 branch of the dungeon, and saw 4 of its levels.
You also visited: Sewer.

You collected 174 gold pieces.

Inventory:

Hand Weapons
 a - a +0 trident of flaming (weapon)
Missiles
 h - a javelin
Armour
 b - a +0 leather armour (worn)
 c - a +0 helmet
 e - a +2 hat of willpower (worn)
 n - a +0 cloak (worn)
Jewellery
 g - an amulet of magic regeneration (around neck)
Scrolls
 i - a scroll of teleportation
 k - a scroll of amnesia {unknown}
 l - a scroll of silence {unknown}
 m - a scroll of revelation
 p - a scroll of vulnerability {unknown}
 q - a scroll of fog {unknown}
 r - a scroll of fear {unknown}
 u - a scroll of immolation {unknown}
 v - a scroll of enchant armour
Potions
 j - a potion of haste
 o - a potion of degeneration
 s - a potion of attraction
 x - a potion of might


   Skills:
 - Level 4.0 Fighting
 - Level 8.0 Polearms
 - Level 2.0 Throwing
 + Level 5.7 Dodging


You had 5 spell levels left.
You didn't know any spells.
Your spell library contained the following spells:

 Spells                   Type           Power      Damage    Failure   Level
 Kiss of Death            Conj/Necr      0%         2d5       47%         1
 Magic Dart               Conj           0%         1d3       47%         1
 Blink                    Tloc           0%         N/A       63%         2
 Call Imp                 Summ           0%         N/A       63%         2
 Confusing Touch          Hex            0%         N/A       85%         3
 Dispel Undead            Necr           0%         3d6       99%         4


Dungeon Overview and Level Annotations

Branches:
Dungeon (4/15)              Sewer (visited)
 Temple: D:4-7

Altars:
Wu Jian

Shops:
D:2 (


Innate Abilities, Weirdness & Mutations

((You are very nimble when in or above water. (Stealth+, EV+, Speed+++)))
Your lower body shifts to a powerful aquatic tail in water.
Your system is resistant to poisons. (rPois)
You occasionally lose the ability to read scrolls when taking damage.
You passively dampen the noise of your surroundings.


Message History

You feel sick.
The gnoll sergeant hits you from afar with a +1 trident of venom.
* * * LOW HITPOINT WARNING * * *
You are lethally poisoned!
It was a potion of might.
You feel very mighty all of a sudden.
* * * LOW HITPOINT WARNING * * *
You feel very sick. The gnoll sergeant misses you.
It was a potion of mutation.
You feel extremely strange.
You feel resistant to poisons.
You occasionally lose the ability to read scrolls when taking damage.
You feel your surroundings grow quieter.
* * * LOW HITPOINT WARNING * * *
You feel sick.
It was a potion of resistance.
You feel protected.
* * * LOW HITPOINT WARNING * * *
You feel sick. The gnoll sergeant closely misses you.
It was a potion of magic.
Magic courses through your body.
* * * LOW HITPOINT WARNING * * *
You feel sick.
The gnoll sergeant hits you but does no damage.
As you read the scroll labelled ENUTRE DAPIOLY, it crumbles to dust.
It is a scroll of enchant armour.
Your +1 hat of willpower glows green for a while.
* * * LOW HITPOINT WARNING * * *
You feel sick.
* * * LOW HITPOINT WARNING * * *
You feel sick.
The gnoll sergeant attacks as it pursues you!
The gnoll sergeant misses you.
* * * LOW HITPOINT WARNING * * *
You feel sick.
The gnoll sergeant attacks as it pursues you!
The gnoll sergeant misses you.
* * * LOW HITPOINT WARNING * * *
You feel sick.
A rat comes into view.
You die...

#[#.# *,#*,*****,#.###* #.# ##.#
#.#<###.##,,,,,,....,* #.# #.#
#.#.##...##*****,.r#,* #.#**#.#
#.........###***,..#,* #..,,..#
............,,,,,..#,* ###**..#
..........#**####..#,***** *,.#
#.#.#....#* ##.....#,*,,,* *,,*
#.###.#†#####...#..#,*,*,*** *,,*
#.###(...))gg...@..#,,,*,,,***,,*
#......######...##.#,*****,,,,,,*
#####.## ##.##*,#,,,*,,,***,,,
#.# #.#**,***,*,*****,** #.#
*#..,,,,,,,,,,,,,,,**
*#.#******....,,,,,,,,*******
*...,,,,,,.....,,,,,,**
*#.#*****#.#####**<***
*..,,,,,,,* *,***********


You could see a gnoll sergeant, a gnoll and a rat (wandering).

Vanquished Creatures
  2 brain worms (Sewer)
  An orc priest (D:3)
  An iguana (D:4)
  6 gnolls (D:3)
  11 adders
  A ribbon worm (D:4)
  5 orcs (D:3)
  6 ball pythons
  4 bats (D:1)
  7 endoplasms
  2 giant cockroaches (D:4)
  2 goblins
  2 hobgoblins
  4 kobolds
  4 quokkas
  2 frilled lizards (Sewer)
  8 rats
68 creatures vanquished.

Notes
Turn   | Place    | Note
-------+----------+-------------------------------------------
     0 | D:1      | Newt the Merfolk Gladiator began the quest for the Orb.
     0 | D:1      | Reached XP level 1. HP: 16/16 MP: 1/1
   329 | D:1      | Reached XP level 2. HP: 23/23 MP: 2/2
   948 | D:2      | Reached XP level 3. HP: 30/30 MP: 3/3
  1544 | D:2      | Found Vas Lurch's Antique Weapon Boutique.
  1747 | D:3      | Reached XP level 4. HP: 37/37 MP: 4/4
  1759 | D:3      | Reached skill level 5 in Polearms
  1956 | D:3      | Found an ornate altar of the Wu Jian Council.
  2262 | D:4      | Found a glowing drain.
  2285 | Sewer    | Entered a sewer
  2375 | Sewer    | Noticed a brain worm
  2381 | Sewer    | Reached skill level 6 in Polearms
  2381 | Sewer    | Reached XP level 5. HP: 35/42 MP: 3/5
  2393 | Sewer    | Reached skill level 7 in Polearms
  2581 | Sewer    | Reached skill level 8 in Polearms
  2581 | Sewer    | Reached XP level 6. HP: 23/48 MP: 6/6
  2966 | D:3      | Identified the +0 flail of Infection {speed, Will+}
  2994 | D:3      | Reached skill level 5 in Dodging
  3098 | D:3      | Gained mutation: Your system is resistant to poisons.
                  | (rPois) [potion of mutation]
  3098 | D:3      | Gained mutation: You occasionally lose the ability to read
                  | scrolls when taking damage. [potion of mutation]
  3098 | D:3      | Gained mutation: You passively dampen the noise of your
                  | surroundings. [potion of mutation]
  3102 | D:3      | HP: 2/48 [poisoned by a gnoll sergeant]
  3106 | D:3      | Succumbed to a gnoll sergeant's poison

Illustrated notes

Levels and vault maps discovered:
D:1:      nicolae_arrival_washed_ashore, layout_basic, minmay_tree_intersection
D:2:      layout_basic, serial_shops, shop, kennysheep_boxes
D:3:      layout_loops_ring, pdpol_wu_jian_five_deadly_venoms,
          dreamdust_ecumenical_altar_hidden_monk_grotto,
          chequers_serial_rivers_room_a
D:4:      layout_rooms, kennysheep_orc_sif_temple, portal_sewer_entry_f,
          chequers_avenue, fountainhead, uniq_duvessa, uniq_pargi

Skill      XL: |  1  2  3  4  5  6 |
---------------+-------------------+-----
Fighting       | 4 |  4.0
Polearms       | 6 8 |  8.0
Dodging        | 5 |  5.7
Throwing       | |  2.0

Action                     |  1- 3 |  4- 6 || total
---------------------------+-------+-------++-------
  Melee: Trident           |    59 |   187 ||   246
         Punch             |     1 |     1 ||     2
         Tailslap          |       |     3 ||     3
  Throw: Throwing net      |       |     6 ||     6
         Javelin           |       |     1 ||     1
    Use: Scroll            |       |    10 ||    10
         Potion            |       |     5 ||     5
   Stab: Sleeping          |     2 |     6 ||     8
         Held in net/web   |       |     1 ||     1
 Armour: Leather armour    |    15 |    62 ||    77
  Dodge: Dodged            |    34 |    87 ||   121

Table legend: (Time is in decaauts)
 A = Elapsed time spent in this place.
 B = Non-inter-level travel time spent in this place.
 C = Inter-level travel time spent in this place.
 D = Time resting spent in this place.
 E = Time spent auto-exploring this place.
 F = Levels seen in this place.
 G = Mean time per level.
                   A        B        C        D        E       F      G
               +--------+--------+--------+--------+--------+-----+--------+
         Total |   3041 |   2961 |     80 |    256 |   2132 |   5 |  608.2 |
       Dungeon |   2543 |   2463 |     80 |    172 |   1855 |   4 |  635.8 |
         Sewer |    498 |    498 |      0 |     84 |    277 |   1 |  498.0 |
               +--------+--------+--------+--------+--------+-----+--------+

Top non-repeatable levels by time:
     D:2: 898 daAuts
     D:1: 848 daAuts
   Sewer: 498 daAuts
     D:3: 430 daAuts
     D:4: 366 daAuts
